 Dungeon Crawl Stone Soup version 0.30-a0-728-gc68057be0a (webtiles) character file.

Game seed: 1870722344020715805

29 KleinerIrrer the Trooper (level 3, 0/40 HPs)
             Began as an Ogre Berserker on Jan 30, 2023.
             Was a Follower of Trog.
             Succumbed to a goblin's poison
             ... on level 1 of the Dungeon.
             The game lasted 00:01:28 (248 turns).

KleinerIrrer the Trooper (Ogre Berserker)            Turns: 248, Time: 00:01:29

Health: 0/40       AC:  3    Str: 23    XL:     3   Next: 16%
Magic:  3/3        EV: 10    Int:  8    God:    Trog [*.....]
Gold:   23         SH:  0    Dex:  8    Spells: 2/2 levels left

rFire   . . .      SeeInvis .    a - +0 mace
rCold   . . .      Faith    .    (no shield)
rNeg    . . .      Spirit   .    b - +0 animal skin
rPois   .          Reflect  .    (helmet restricted)
rElec   .          Harm     .    (no cloak)
rCorr   .          Rampage  .    (gloves unavailable)
Will    .....                    (boots unavailable)
Stlth   +                        (no amulet)
HPRegen 0.26/turn                (no ring)
MPRegen 0.08/turn                (no ring)

@: lethally poisoned (0 -> -32)
A: large, unfitting armour, tough skin 1
a: Renounce Religion, Berserk


You were on level 1 of the Dungeon.
You worshipped Trog.
Trog was aware of your devotion.
You visited 1 branch of the dungeon, and saw 1 of its levels.

You collected 23 gold pieces.

Inventory:

Hand Weapons
 a - a +0 mace (weapon)
Armour
 b - a +0 animal skin (worn)
Scrolls
 d - a scroll of fog {unknown}
 e - a scroll of poison {unknown}
 f - a scroll of enchant weapon {unknown}
 g - a scroll of magic mapping {unknown}
 h - a scroll of amnesia {unknown}


   Skills:
 + Level 4.5 Fighting
 + Level 3.1 Maces & Flails
 + Level 3.1 Dodging


You had 2 spell levels left.
You didn't know any spells.
Your spell library was empty.

Dungeon Overview and Level Annotations

Branches:
Dungeon (1/15)

Altars:


Innate Abilities, Weirdness & Mutations

You are too large for most types of armour.
You have tough skin. (AC +1)


Message History

The endoplasm is moderately wounded.
The endoplasm freezes you.
You are frozen.
You are too injured to fight recklessly!
You are too injured to fight recklessly!
You are too injured to fight recklessly!
You hit the endoplasm.
You kill the endoplasm!
Trog accepts your kill.
You sock the endoplasm!
You kill the endoplasm!
Trog accepts your kill.
A goblin comes into view. It is wielding a +2 dagger of venom.
The goblin shouts!
The goblin hits you with a +2 dagger of venom.
You are poisoned.
You are too injured to fight recklessly!
You are too injured to fight recklessly!
You are too injured to fight recklessly!
You barely miss the goblin.
You feel very sick. The goblin hits you but does no damage.
You are lethally poisoned!
You closely miss the goblin.
* * * LOW HITPOINT WARNING * * *
You feel very sick. The goblin hits you but does no damage.
You are more poisoned.
You hit the goblin.
The goblin is moderately wounded.
* * * LOW HITPOINT WARNING * * *
You feel very sick. The goblin hits you but does no damage.
You are more poisoned.
You aren't carrying any potions.
You aren't carrying any potions.
As you read the scroll labelled BEYLOO VUUTHELEF, it crumbles to dust.
You assume a fearsome visage.
The goblin looks frightened!
It was a scroll of fear.
You die...

### #.. #?#
#.# # #.# .#
#.##.####
######........
#.....@g..#
#.####..###
#.# #).# ##.##
#..# #####...#
#..# #.......#
#..# #.###...#
#..# #.# #####
#... #.# ##.#


You could see a goblin (fleeing).

Vanquished Creatures
  A gnoll (D:1)
  2 dart slugs (D:1)
  4 endoplasms (D:1)
  A giant cockroach (D:1)
  A hobgoblin (D:1)
  2 ball pythons (D:1)
  2 bats (D:1)
  A frilled lizard (D:1)
  2 rats (D:1)
16 creatures vanquished.

Notes
Turn   | Place    | Note
-------+----------+-------------------------------------------
     0 | D:1      | KleinerIrrer the Ogre Berserker began the quest for the
                  | Orb.
     0 | D:1      | Reached XP level 1. HP: 24/24 MP: 1/1
    51 | D:1      | Reached XP level 2. HP: 32/32 MP: 2/2
   234 | D:1      | Reached XP level 3. HP: 21/40 MP: 3/3
   248 | D:1      | Succumbed to a goblin's poison

Illustrated notes

Levels and vault maps discovered:
D:1:      minmay_arrival_checkered_box, layout_loops_ring

Skill      XL: |  1  2 |
---------------+-------+-----
Dodging        | 3 |  3.1
Maces & Flails | 3 |  3.1
Fighting       | |  4.5

Action                     || total
---------------------------++-------
  Melee: Mace              ||    37
         Punch             ||     1
    Use: Scroll            ||     1
 Armour: Animal skin       ||    14
  Dodge: Dodged            ||    20

Table legend: (Time is in decaauts)
 A = Elapsed time spent in this place.
 B = Non-inter-level travel time spent in this place.
 C = Inter-level travel time spent in this place.
 D = Time resting spent in this place.
 E = Time spent auto-exploring this place.
 F = Levels seen in this place.
 G = Mean time per level.
                   A        B        C        D        E       F      G
               +--------+--------+--------+--------+--------+-----+--------+
         Total |    257 |    257 |      0 |      0 |    174 |   1 |  257.0 |
       Dungeon |    257 |    257 |      0 |      0 |    174 |   1 |  257.0 |
               +--------+--------+--------+--------+--------+-----+--------+

Top non-repeatable levels by time:
     D:1: 257 daAuts
